 Dungeon Crawl Stone Soup version 0.25.1-2-g60ff931df9 (webtiles) character file.

Game seed: 16818014522280936638

869 McKennaii the Cudgeler (level 8, -3/48 HPs)
             Began as a Gargoyle Fighter on Oct 13, 2020.
             Was a Follower of Qazlal.
             Killed themself with a badly aimed iceblast (15 damage)
             ... on level 6 of the Dungeon.
             The game lasted 00:07:19 (4868 turns).

McKennaii the Cudgeler (Gargoyle Fighter)           Turns: 4868, Time: 00:07:20

Health: -3/48      AC: 14    Str: 22    XL:     8   Next: 3%
Magic:  8/8        EV:  8    Int: 15    God:    Qazlal [*.....]
Gold:   381        SH: 12    Dex:  9    Spells: 7/7 levels left

rFire    + . .     SeeInvis .   a - +0 flail
rCold    . . .     Gourm    .   c - +0 kite shield
rNeg     + . .     Faith    .   b - +0 scale mail
rPois    ∞         Spirit   .   (no helmet)
rElec    +         Reflect  .   p - +0 cloak
rCorr    .         Harm     .   (no gloves)
MR       .....                  (no boots)
Stlth    ..........             (no amulet)
HPRegen  0.16/turn              n - ring of protection from fire
MPRegen  0.11/turn              v - +6 ring of intelligence

@: no status effects
A: negative energy resistance 1, electricity resistance, unbreathing,
petrification resistance, rot immunity, AC +5
a: Renounce Religion


You were on level 6 of the Dungeon.
You worshipped Qazlal.
Qazlal was aware of your devotion.
You were not hungry.

You visited 1 branch of the dungeon, and saw 6 of its levels.

You collected 381 gold pieces.

Inventory:

Hand Weapons
 a - a +0 flail (weapon)
Armour
 b - a +0 scale mail (worn)
 c - a +0 kite shield (worn)
 p - a +0 cloak (worn)
Jewellery
 g - an uncursed ring of fire
 n - a ring of protection from fire (left hand)
 v - a +6 ring of intelligence (right hand)
 y - an uncursed ring of magical power {unknown}
Wands
 z - a wand of random effects (7)
Scrolls
 h - a scroll of identify
 j - 3 scrolls of teleportation
 l - 2 scrolls of noise {unknown}
 m - 2 scrolls of amnesia {unknown}
 q - 2 scrolls of enchant armour {unknown}
 u - 2 scrolls of remove curse {unknown}
 w - a scroll of immolation {unknown}
 x - a scroll of magic mapping {unknown}
Potions
 e - 2 potions of heal wounds
 i - a potion of flight {unknown}
 k - 6 potions of curing {unknown}
 o - a potion of resistance {unknown}
 r - a potion of brilliance {unknown}
 s - a potion of degeneration {unknown}
 t - 2 potions of mutation {unknown}
 A - a potion of stabbing {unknown}
 B - a potion of lignification {unknown}
Comestibles
 f - 11 rations
 C - a chunk of flesh


   Skills:
 + Level 4.9 Fighting
 + Level 6.0 Maces & Flails
 + Level 5.0 Armour
 + Level 6.0 Shields
 + Level 0.1 Evocations


You had 7 spell levels left.
You didn't know any spells.
Your spell library was empty.

Dungeon Overview and Level Annotations

Branches:
Dungeon (6/15)
 Temple: D:4-7

Altars:
Ashenzari
Dithmenos
Elyvilon
Gozag
Hepliaklqana
Makhleb
Qazlal
Ru
Trog
Vehumet
Yredelemnul
Zin


Innate Abilities, Weirdness & Mutations

You are resistant to torment.
Your stone body is resilient. (AC +5)
You are immune to poison.
You resist negative energy. (rN+)
You are resistant to electric shocks. (rElec)
You can survive without breathing.
You are immune to petrification.
You are immune to rotting.


Message History

Okay, then.
Okay, then.
Evoke which item? (* to show all) (? for menu, Esc to quit)
Aiming: Random Effects
Press: ? - help, Shift-Dir - straight line, f - scorpion
Aim: a scorpion (wandering, hasn't noticed you)
The scorpion flickers and vanishes!
Deactivating autopickup; reactivate with Ctrl-A.
Evoke which item? (* to show all) (? for menu, Esc to quit)
Aiming: Random Effects
Press: ? - help, Shift-Dir - straight line Evoke which item? (* to show all) (? for menu, Esc to quit)
Aiming: Random Effects
Press: ? - help, Shift-Dir - straight line Nothing appears to happen.
Evoke which item? (* to show all) (? for menu, Esc to quit)
Aiming: Random Effects
Press: ? - help, Shift-Dir - straight line The mass of ice explodes!
The iceblast engulfs you!
You die...

#..###....÷.).....#
.......<..)<####..#
.#.####.###.# #..#
#.# #.# #..# #^#
#)# #..# #.# #)#
#..###### #.# #.#
#..h..... ..# #)#
#..#####. ###
#@####..#####
#.)...........
####....######
#.#.## .g...#
##.#.... #g##.###
#.# .. ..# ...


There were no monsters in sight!

Vanquished Creatures
  An ogre (D:4)
  A bullfrog (D:6)
  A scorpion (D:4)
  A howler monkey (D:6)
  2 crimson imps
  A jelly (D:5)
  2 orc priests
  A hound (D:6)
  Crazy Yiuf (D:5)
  An orc wizard (D:6)
  2 iguanas
  Natasha (D:2)
  3 worker ants (D:4)
  A hound skeleton (D:4)
  6 gnolls (D:6)
  4 adders
  A shadow imp (D:5)
  An ooze (D:2)
  2 adder skeletons (D:4)
  2 worms (D:4)
  3 dart slugs
  4 leopard geckos
  12 orcs
  3 ball pythons
  3 giant cockroaches
  2 hobgoblins
  3 jackals (D:1)
  5 kobolds (D:1)
  9 bats
  3 frilled lizards (D:3)
  12 goblins
  9 rats
  A spectral orc (D:3)
104 creatures vanquished.

Vanquished Creatures (others)
  A plant (D:6)
  4 toadstools (D:1)
5 creatures vanquished.

Grand Total: 109 creatures vanquished

Notes
Turn   | Place    | Note
-------+----------+-------------------------------------------
     0 | D:1      | McKennaii the Gargoyle Fighter began the quest for the Orb.
     0 | D:1      | Reached XP level 1. HP: 14/14 MP: 1/1
   111 | D:1      | Reached XP level 2. HP: 18/19 MP: 2/2
   322 | D:1      | Reached XP level 3. HP: 13/23 MP: 3/3
  1085 | D:2      | Found a sacrificial altar of Ru.
  1278 | D:2      | Found an opulent altar of Gozag.
  1279 | D:2      | Found a shattered altar of Ashenzari.
  1293 | D:2      | Noticed Natasha
  1302 | D:2      | Killed Natasha
  1302 | D:2      | Reached XP level 4. HP: 29/29 MP: 4/4
  1511 | D:2      | Found a glowing silver altar of Zin.
  1808 | D:3      | Found a stormy altar of Qazlal.
  1813 | D:3      | Became a worshipper of Qazlal Stormbringer
  2045 | D:3      | Found a basalt altar of Yredelemnul.
  2217 | D:3      | Reached XP level 5. HP: 31/33 MP: 5/5
  2377 | D:4      | Noticed an ogre
  2727 | D:4      | Found a shadowy altar of Dithmenos.
  2728 | D:4      | Found a bloodstained altar of Trog.
  2851 | D:4      | Killed an ogre
  2851 | D:4      | Reached skill level 5 in Shields
  2851 | D:4      | Reached XP level 6. HP: 38/38 MP: 6/6
  2914 | D:3      | Found a hazy altar of Hepliaklqana.
  3328 | D:4      | Found a burning altar of Makhleb.
  3329 | D:4      | Found a radiant altar of Vehumet.
  3485 | D:5      | Entered Level 5 of the Dungeon
  3495 | D:5      | Reached XP level 7. HP: 44/44 MP: 7/7
  3502 | D:5      | Reached * piety under Qazlal
  3502 | D:5      | Reached skill level 5 in Maces & Flails
  3519 | D:5      | Found a white marble altar of Elyvilon.
  3666 | D:5      | Found a runed translucent door.
  3667 | D:5      | Noticed Crazy Yiuf
  4197 | D:5      | Killed Crazy Yiuf
  4830 | D:6      | Reached skill level 5 in Armour
  4852 | D:6      | Reached XP level 8. HP: 10/48 MP: 8/8
  4868 | D:6      | Killed themself with a badly aimed iceblast

Illustrated notes

Levels and vault maps discovered:
D:1:      dpeg_arrival_lava_temple_mockup, layout_basic, serial_glass,
          glass_columns_a, glass_columns_a, minmay_gold_behind_fungi,
          minmay_tree_intersection, minmay_misc_feat_more_columns
D:2:      layout_loops_ring, marbit_many_paths, gammafunk_temple_overflow_wave,
          nicolae_ru_the_path_less_chosen, first_ration, uniq_natasha
D:3:      layout_rooms, yredelemnul_forgotten_temple_becter,
          nicolae_overflow_hidden_temple, lemuel_doored_altar
D:4:      layout_loops_ring, grunt_temple_overflow_lords_of_destruction,
          gammafunk_temple_overflow_pools
D:5:      layout_loops_ring, elyvilon_altar_3, uniq_crazy_yiuf_cottage
D:6:      layout_loops_ring, minmay_temple_entry_gardened_gates,
          cheibrodos_sewer_entry_sluice

Skill      XL: |  1  2  3  4  5  6  7  8 |
---------------+-------------------------+-----
Shields        | 4 5 6 |  6.0
Maces & Flails | 3 4 5 6 |  6.0
Fighting       | 4 |  4.9
Armour         | 4 5 |  5.0
Evocations     | |  0.1

Action                   |  1- 3 |  4- 6 |  7- 9 || total
-------------------------+-------+-------+-------++-------
Melee: Flail             |   115 |   214 |   131 ||   460
Evoke: Wand              |       |       |     6 ||     6
  Use: Scroll            |       |       |     3 ||     3
       Potion            |       |       |     2 ||     2
  Eat: Chunk             |     1 |     8 |     1 ||    10
       Ration            |       |       |     1 ||     1
Armor: Scale mail        |   115 |    93 |    78 ||   286
Dodge: Dodged            |    56 |    61 |    42 ||   159
Block: Kite shield       |    88 |   115 |    94 ||   297
